 Dungeon Crawl Stone Soup version 0.29-a0-559-g359e09b9d1 (webtiles) character file.

Game seed: 7551453102917163507

10714 Bruhh the Geomancer (level 11, -5/117 HPs)
             Began as an Ogre Earth Elementalist on June 10, 2022.
             Was an Initiate of Gozag.
             Slain by a black mamba (8 damage)
             ... on level 2 of the Lair of Beasts.
             The game lasted 00:13:30 (13888 turns).

Bruhh the Geomancer (Ogre Earth Elementalist)      Turns: 13888, Time: 00:13:30

Health: -5/117     AC:  3    Str: 12    XL:     11   Next: 66%
Magic:  12/33      EV:  9    Int: 26    God:    Gozag
Gold:   215        SH:  0    Dex:  9    Spells: 19/28 levels left

rFire   + . .      SeeInvis .   w - +2 morningstar (protect)
rCold   + . .      Faith    .   (no shield)
rNeg    + . .      Spirit   .   b - +0 robe
rPois   +          Reflect  .   (helmet restricted)
rElec   +          Harm     .   (no cloak)
rCorr   +          Rampage  .   (gloves unavailable)
Will    +++..                   (boots unavailable)
Stlth   +.........              d - amulet of magic regeneration
HPRegen 0.29/turn               t - ring of magical power
MPRegen 0.63/turn               L - ring "Hohaocoj" {rN+ Will++ Str-2 Int+6}

@: mighty, lethally poisoned (-5 -> -16), resistant, hasted, very quick
A: large, unfitting armour, tough skin 1
a: Renounce Religion, Potion Petition, Call Merchant, Bribe Branch


You were on level 2 of the Lair of Beasts.
You worshipped Gozag.
Gozag was aware of your devotion.
You visited 2 branches of the dungeon, and saw 10 of its levels.

You collected 1535 gold pieces.
You spent 468 gold pieces at shops.
You paid 852 gold pieces to Gozag.

Inventory:

Hand Weapons
 i - a +0 lajatang
 w - a +2 morningstar of protection (weapon)
Missiles
 a - 248 stones
 G - 3 throwing nets
Armour
 b - a +0 robe (worn)
 I - a +0 kite shield
Jewellery
 d - an amulet of magic regeneration (around neck)
 n - a ring of willpower
 q - the amulet of Elemental Vulnerability {rPois rF-- rC-- AC+8}
   (You found it on level 2 of the Dungeon)

   [amulet of nothing]

   AC:        It affects your AC (+8).
   rF:        It makes you very vulnerable to fire.
   rC:        It makes you very vulnerable to cold.
   rPois:     It protects you from poison.
 s - an amulet of reflection
 t - a ring of magical power (left hand)
 K - a ring of wizardry
 L - the ring "Hohaocoj" (right hand) {rN+ Will++ Str-2 Int+6}
   (You found it on level 1 of the Lair of Beasts)

   [ring of intelligence]

   Str:       It affects your strength (-2).
   Int:       It affects your intelligence (+6).
   rN:        It protects you from negative energy.
   Will:      It greatly increases your willpower.
Wands
 E - a wand of flame (32)
 H - a wand of digging (1)
Scrolls
 f - 3 scrolls of torment
 h - a scroll of amnesia
 j - 5 scrolls of teleportation
 l - a scroll of silence
 r - 2 scrolls of summoning
 u - a scroll of blinking
 z - 2 scrolls of magic mapping
 A - 5 scrolls of vulnerability
 B - 2 scrolls of fear
 C - a scroll of enchant armour
 F - a scroll of fog
Potions
 c - 4 potions of magic
 e - a potion of haste
 g - 2 potions of lignification
 k - a potion of invisibility
 m - 2 potions of flight
 p - 3 potions of ambrosia
 v - 4 potions of curing
 x - 3 potions of degeneration {unknown}
 D - 2 potions of mutation {unknown}
 J - 2 potions of might {unknown}


   Skills:
 - Level 10.0 Fighting
 - Level 1.7 Dodging
 - Level 1.4 Stealth
 + Level 7.3 Shields
 - Level 9.0 Spellcasting
 - Level 5.0 Conjurations
 + Level 3.7 Transmutations
 - Level 10.0 Earth Magic


You had 19 spell levels left.
You knew the following spells:

 Your Spells              Type           Power      Damage    Failure   Level
a - Sandblast             Erth           100%       2d20      1%          1
b - Stone Arrow           Conj/Erth      100%       3d13      1%          3
c - Lee's Rapid Deconstr  Erth           29%        3d16*     2%          5

Your spell library contained the following spells:

 Spells                   Type           Power      Damage    Failure   Level
 Foxfire                  Conj/Fire      96%        2x1d8     1%          1
 Magic Dart               Conj           100%       1d8       1%          1
 Shock                    Conj/Air       96%        1d9       1%          1
 Passwall                 Tmut/Erth      39%        N/A       1%          2
 Static Discharge         Conj/Air       24%        N/A       2%          2
 Petrify                  Tmut/Erth      47%        N/A       3%          4
 Necrotize                Necr           44%        1d6       4%          1
 Slow                     Hex            44%        N/A       4%          1
 Summon Small Mammal      Summ           44%        N/A       4%          1
 Conjure Flame            Conj/Fire      24%        6-21      5%          3
 Animate Armour           Summ/Erth      74%        N/A       6%          4
 Leda's Liquefaction      Hex/Erth       18%        N/A       6%          4
 Call Canine Familiar     Summ           11%        N/A       16%         3
 Confusing Touch          Hex            11%        N/A       16%         3
 Inner Flame              Hex/Fire       11%        N/A       16%         3
 Summon Guardian Golem    Hex/Summ       11%        N/A       16%         3
 Swiftness                Air            11%        N/A       16%         3
 Vampiric Draining        Necr           11%        2d6       16%         3
 Flame Wave               Conj/Fire      24%        2d7       19%         4
 Hailstorm                Conj/Ice       24%        3d7       19%         4
 Blade Hands              Tmut           15%        N/A       30%         5
 Iron Shot                Conj/Erth      25%        9d5       34%         6
 Statue Form              Tmut/Erth      31%        N/A       43%         6
 Airstrike                Air            5%         N/A       45%         4
 Anguish                  Hex/Necr       5%         N/A       45%         4
 Yara's Violent Unravell  Hex/Tmut       10%        3d6       54%         5
 Agony                    Necr           11%        N/A       80%         5
 Conjure Ball Lightning   Conj/Air       12%        3x3d6     95%         6
 Enfeeble                 Hex            5%         N/A       100%        7
 Haunt                    Necr/Summ      5%         N/A       100%        7
 Discord                  Hex            5%         N/A       100%        8
 Disjunction              Tloc           5%         N/A       100%        8
 Shatter                  Erth           29%        3d24*     100%        9


Dungeon Overview and Level Annotations

Branches:
Dungeon (8/15)             Temple (0/1) D:7            Lair (2/6) D:8
  Snake (0/4) Lair:2
  Swamp: Lair:2-4    Shoals: Lair:2-4

Altars:
Ashenzari
Dithmenos
Gozag
Makhleb
Ru
Wu Jian
Xom
Yredelemnul
The Shining One

Shops:
D:3 *   D:8 !(:(

Annotations:
D:5 2 runed translucent doors, MagicSucks's ghost, weakling NaDe


Innate Abilities, Weirdness & Mutations

You are too large for most types of armour.
You have tough skin. (AC +1)


Message History

The black mamba bites you!
* * * LOW HITPOINT WARNING * * *
You are lethally poisoned!
The black mamba poisons you! The water moccasin bites you!
* * * LOW HITPOINT WARNING * * *
You feel better. The black mamba bites you.
* * * LOW HITPOINT WARNING * * *
The water moccasin completely misses you.
The black mamba bites you!
* * * LOW HITPOINT WARNING * * *
Casting: Stone Arrow (safe; 1% risk of failure)
Confirm with . or Enter, or press ? or * to list all spells.
Aiming: Stone Arrow (safe; 1% risk of failure)
Press: ? - help, Shift-Dir - straight line, f/p - black mamba
Aim: a black mamba (heavily wounded, 63% to hit)
The stone arrow misses the black mamba.
The black mamba bites you!
* * * LOW HITPOINT WARNING * * *
You are lethally poisoned!
The black mamba poisons you! The water moccasin closely misses you.
The black mamba closely misses you.
You feel better. The water moccasin bites you.
* * * LOW HITPOINT WARNING * * *
You are lethally poisoned!
The water moccasin poisons you! The black mamba closely misses you.
The water moccasin misses you. [a] - 812 gold - heal wounds, resistance, might and haste [b] - 260 gold - resistance [c] - 348 gold - invisibility and might Purchase which effect?
You no longer have enough gold to petition Gozag for potion effects.
You no longer have enough gold to fund merchants seeking to open stores in the dungeon.
You feel much better.
You feel protected.
You feel very mighty all of a sudden.
You feel yourself speed up.
You feel very sick. The black mamba bites you!!
* * * LOW HITPOINT WARNING * * *
The black mamba bites you!
You die...
Your body crumbles into a pile of gold.

.........# ##P.### #P...
.........# #####.P.#### ###....
#........+ .#..........####..+...
#........#...+...<)....'....#....
..........# #.........######P...
#........## #.).......# ##...
#........P# #..#.###.## ###.
#.>......## ###.### ### ##
##P..#+### #...@# #. ###....###
##..SS# ## ...+#.##.# ##..... ##
........######....$... ##.
........................ ##.###..
...........##..........# #P......
........+..###.........##...P#..#
........##.# #....(.....#... ###.
.........### ... #P


You could see a black mamba and a water moccasin.

Vanquished Creatures
  Pikel (D:8)
  2 black mambas (Lair:2)
  An elephant (D:8)
  2 cane toads (Lair:1)
  5 komodo dragons
  A troll (D:7)
  4 blink frogs (Lair:1)
  Prince Ribbit (D:7)
  Grinder (D:5)
  9 yaks
  2 basilisks (D:8)
  A steam dragon (D:6)
  9 water moccasins
  3 black bears
  2 orc warriors
  4 ogres
  A centaur (D:6)
  4 wolves (Lair:1)
  3 lemures (D:8)
  A bullfrog (D:6)
  A necrophage (D:5)
  3 scorpions
  2 gnoll sergeants (D:8)
  8 wights
  3 jellies (D:5)
  5 howler monkeys
  2 gnoll shamans
  4 hounds
  An orc priest (D:8)
  Ijyb (D:4)
  3 orc wizards
  21 gnolls
  6 adders
  A white imp (D:7)
  2 ufetubi (D:6)
  5 worms
  A dart slug (D:3)
  15 orcs
  An endoplasm (D:4)
  5 giant cockroaches
  6 goblins
  3 hobgoblins (D:2)
  3 jackals (D:1)
  4 kobolds
  2 quokkas (D:2)
  8 ball pythons
  4 bats
  5 frilled lizards
  2 rats (D:3)
184 creatures vanquished.

Vanquished Creatures (collateral kills)
  A cane toad (Lair:2)
  A yak (Lair:2)
2 creatures vanquished.

Vanquished Creatures (others)
  27 fungi
  27 plants
54 creatures vanquished.

Grand Total: 240 creatures vanquished

Notes
Turn   | Place    | Note
-------+----------+-------------------------------------------
     0 | D:1      | Bruhh the Ogre Earth Elementalist began the quest for the
                  | Orb.
     0 | D:1      | Reached XP level 1. HP: 16/16 MP: 3/3
   125 | D:1      | Reached XP level 2. HP: 19/24 MP: 1/5
   987 | D:2      | Reached XP level 3. HP: 23/31 MP: 7/7
  1474 | D:2      | Found the amulet of Elemental Vulnerability {rPois rF--
                  | rC-- AC+8}
  1664 | D:2      | Reached XP level 4. HP: 20/39 MP: 6/9
  1927 | D:2      | Found a faded altar of an unknown god.
  2464 | D:3      | Reached XP level 5. HP: 32/45 MP: 11/11
  2665 | D:3      | Found a shadowy altar of Dithmenos.
  2870 | D:3      | Found Gozag's Platinum Reserve.
  2886 | D:3      | Found a glowing golden altar of the Shining One.
  2920 | D:3      | Found an opulent altar of Gozag.
  2950 | D:3      | Became a worshipper of Gozag Ym Sagoz the Greedy
  3011 | D:3      | Found a shimmering altar of Xom.
  3613 | D:4      | Noticed Ijyb
  3630 | D:4      | Killed Ijyb
  3631 | D:4      | Reached skill level 5 in Spellcasting
  3741 | D:4      | Reached XP level 6. HP: 38/53 MP: 13/13
  4031 | D:4      | Reached skill level 1 in Conjurations
  4654 | D:4      | Reached skill level 5 in Earth Magic
  4879 | D:5      | Entered Level 5 of the Dungeon
  4987 | D:5      | Noticed Grinder
  5023 | D:5      | Paralysed by Grinder for 4 turns
  5037 | D:5      | Reached XP level 7. HP: 20/59 MP: 14/14
  5304 | D:5      | Killed Grinder
  5372 | D:5      | Learned a level 3 spell: Stone Arrow
  5377 | D:5      | Reached skill level 5 in Conjurations
  5541 | D:5      | Reached XP level 8. HP: 67/67 MP: 16/16
  5626 | D:5      | Found a broken altar of Ashenzari.
  5755 | D:5      | Found a large runed translucent door.
  5755 | D:5      | Found a large runed translucent door.
  5761 | D:5      | Noticed MagicSucks's ghost (weakling NaDe)
  7072 | D:6      | Reached XP level 9. HP: 74/74 MP: 20/20
  7166 | D:6      | Found a sacrificial altar of Ru.
  7621 | D:6      | Found a burning altar of Makhleb.
  7726 | D:7      | Noticed Prince Ribbit
  7738 | D:7      | Killed Prince Ribbit
  8121 | D:7      | Noticed a troll
  8127 | D:7      | Killed a troll
  8134 | D:7      | Learned a level 5 spell: Lee's Rapid Deconstruction
  8375 | D:7      | Found a staircase to the Ecumenical Temple.
  8474 | D:7      | Found an ornate altar of the Wu Jian Council.
  9150 | D:8      | Noticed an elephant
  9152 | D:8      | Found a staircase to the Lair.
  9447 | D:8      | Found Ruuxonn's Antique Weapon Shoppe.
  9456 | D:8      | Reached skill level 1 in Fighting
  9607 | D:8      | Reached XP level 10. HP: 88/91 MP: 23/23
  9708 | D:8      | Noticed Pikel
  9721 | D:8      | Killed Pikel
  9722 | D:8      | Reached skill level 5 in Fighting
  9917 | D:8      | Found a basalt altar of Yredelemnul.
 10454 | D:8      | Found Xonumyef's Distillery.
 10476 | D:8      | Found Esonoan's Book Emporium.
 10479 | D:8      | Bought a book of Iron for 468 gold pieces
 10546 | D:8      | Found Nainetao's Antique Weapon Emporium.
 10648 | D:8      | Killed an elephant
 10649 | D:8      | Reached skill level 1 in Shields
 10967 | Lair:1   | Entered Level 1 of the Lair of Beasts
 10980 | Lair:1   | Reached skill level 10 in Earth Magic
 11681 | Lair:1   | Identified the ring "Hohaocoj" {rN+ Will++ Str-2 Int+6}
 11705 | Lair:1   | Reached XP level 11. HP: 105/113 MP: 20/24
 11718 | Lair:1   | Reached skill level 5 in Shields
 12787 | Lair:2   | Reached skill level 1 in Transmutations
 12800 | Lair:2   | Found a staircase to the Snake Pit.
 12821 | Lair:2   | Reached skill level 10 in Fighting
 13725 | Lair:2   | Got the Tome of Hurtful Cold
 13765 | Lair:2   | Identified a scroll of acquirement
 13775 | Lair:2   | Acquired the Almanac of Earthen Darkness
 13886 | Lair:2   | HP: 2/117 [black mamba (14)]
 13888 | Lair:2   | Slain by a black mamba

Illustrated notes

Levels and vault maps discovered:
D:1:      minmay_arrival_arboretum_small, layout_loops_ring
D:2:      layout_loops_ring, hellmonk_ecumenical_altar_lost_god
D:3:      layout_rooms, nicolae_dithmenos_shadow_blocks,
          nicolae_gozag_zags_fifth_avenue, tso_altar,
          brannock_xom_greatest_gift, minmay_misc_feat_rows, lemuel_old_faithful
D:4:      layout_basic, minmay_misc_feat_x, kennysheep_generic_room_11,
          uniq_ijyb
D:5:      layout_loops_corners, nicolae_ashenzari_skybound,
          ebering_ghost_disaster_area, uniq_grinder
D:6:      minmay_evil_eye, layout_basic, old_standard_altar,
          mainiacjoe_overflow_alcove_2, abandoned_shop
D:7:      old_forge, layout_basic, nzn_wu_jian_contemplation,
          minmay_temple_entry_statues_pillars, uniq_prince_ribbit1
D:8:      layout_basic, mainiacjoe_overflow_cross_hatched, david_lair_generic,
          serial_shops, nicolae_shop_hallway_plus, shop, kennysheep_mini_moat,
          nicolae_lakefront_shop, uniq_pikel
Lair:1:   layout_loops_ring
Lair:2:   layout_roguey, minmay_snake_entry_six_corridors

Skill      XL: |  1  2  3  4  5  6  7  8  9 10 11 |
---------------+----------------------------------+-----
Earth Magic    | 3 4 5 6 9 10 | 10.0
Spellcasting   | 3 4 5 7 9 |  9.0
Conjurations   | 3 5 |  5.0
Fighting       | 3 8 10 | 10.0
Shields        | 4 7 |  7.3
Transmutations | 3 |  3.7
Dodging        | |  1.7
Stealth        | |  1.4

Action                   |  1- 3 |  4- 6 |  7- 9 | 10-12 || total
-------------------------+-------+-------+-------+-------++-------
Melee: Lajatang          |    94 |    26 |       |       ||   120
       Morningstar       |       |    21 |       |     6 ||    27
       Punch             |       |     1 |       |       ||     1
 Cast: Sandblast         |    16 |    79 |    31 |     1 ||   127
       Stone Arrow       |       |       |    97 |   152 ||   249
       Lee's Rapid Decon |       |       |       |     3 ||     3
Invok: Potion Petition   |       |       |       |     1 ||     1
  Use: Scroll            |       |     6 |       |    15 ||    21
       Potion            |       |     2 |       |     8 ||    10
 Stab: Sleeping          |     1 |       |       |       ||     1
       Distracted        |       |     1 |       |       ||     1
Armor: Robe              |    51 |    54 |    11 |     7 ||   123
Dodge: Dodged            |    80 |    52 |    13 |    47 ||   192

Table legend: (Time is in decaauts)
 A = Elapsed time spent in this place.
 B = Non-inter-level travel time spent in this place.
 C = Inter-level travel time spent in this place.
 D = Time resting spent in this place.
 E = Time spent auto-exploring this place.
 F = Levels seen in this place.
 G = Mean time per level.
                   A        B        C        D        E       F      G
               +--------+--------+--------+--------+--------+-----+--------+
         Total |  13951 |  13671 |    280 |    940 |  11261 |  10 | 1395.1 |
       Dungeon |  11028 |  10756 |    272 |    940 |   8621 |   8 | 1378.5 |
          Lair |   2922 |   2914 |      8 |      0 |   2640 |   2 | 1461.0 |
               +--------+--------+--------+--------+--------+-----+--------+

Top non-repeatable levels by time:
  Lair:1: 1750 daAuts
     D:7: 1746 daAuts
     D:2: 1536 daAuts
     D:8: 1497 daAuts
     D:6: 1453 daAuts
     D:5: 1390 daAuts
     D:4: 1352 daAuts
  Lair:2: 1171 daAuts
     D:3: 1100 daAuts
     D:1: 951 daAuts
